Panthers vs Capitals

Created - February-08-15 at 10:49

Goals
1 2 3 T
Panthers 1 0 4 5
Capitals 1 0 2 3
Shots
1 2 3 T
Panthers 8 4 17 29
Capitals 10 11 18 39

1st period

1. Panthers , Henrik Zetterberg 21 (Niklas Hjalmarsson) at 9:21 (SH)
2. Capitals , Nate Guenin 1 (Jiri Tlusty, Dmitri Orlov) at 10:32

Penalties :
Ryan McDonagh (WSH) for Attempt to injure (Major / Game Misconduct) at 2:12, Rick Nash (FLA) for Holding (Minor) at 8:00, Rob Klinkhammer (FLA) for Interference (Minor) at 15:35

2nd period

No Goal

Penalties :
Jay Harrison (WSH) for Hooking (Minor) at 11:58

3rd period

3. Panthers , Henrik Zetterberg 22 (Matt Niskanen, Hampus Lindholm) at 0:50
4. Panthers , Clarke MacArthur 9 (Patric Hornqvist, Matt Duchene) at 3:31
5. Panthers , Patric Hornqvist 11 (Matt Duchene, T.J. Brodie) at 10:08 (PP)
6. Capitals , Dmitri Orlov 10 (Jiri Tlusty, Mike Green) at 12:31 (PP)
7. Panthers , Rick Nash 9 (Henrik Zetterberg) at 14:26 (PP)
8. Capitals , David Desharnais 9 (Alexander Ovechkin, Alexander Semin) at 18:30

Penalties :
Matt Niskanen (FLA) for High sticking (Double Minor) at 3:40, Jay Harrison (WSH) for Hooking (Minor) at 9:34, Matt Carle (FLA) for Slashing (Minor) at 10:48, Mathieu Perreault (WSH) for Hooking (Minor) at 13:14

Goalie Stats

Ben Bishop (FLA), 36 saves from 39 shots - (0.923), W, 23-17-5, 60:00 minutes
Jimmy Howard (WSH), 24 saves from 29 shots - (0.828), L, 16-15-4, 60:00 minutes

Players Stats for Panthers

Player Name              G  A  P  +/- PIM S  H  SB GA TA FO     MP     PP MP  PK MP  
------------------------------------------------------------------------------------
Clarke MacArthur         1  0  1   0  0   4  2  0  0  0  0/1    23:47   4:17   0:02 
Hampus Lindholm          0  1  1   0  0   3  0  0  0  0  0/0    13:30   4:41   0:00 
Henrik Zetterberg        2  1  3   1  0   6  1  3  0  0  28/52  24:50   4:27   6:00 
Justin Williams          0  0  0   0  0   1  0  0  0  0  0/1     4:17   0:00   0:00 
Lauri Korpikoski         0  0  0   1  0   0  0  0  0  0  0/0    13:45   0:00   6:00 
Marian Hossa             0  0  0   0  0   0  1  0  0  0  0/1    22:20   4:27   3:30 
Mark Scheifele           0  0  0   0  0   0  0  0  0  0  11/14  12:02   0:00   0:00 
Matt Carle               0  0  0   0  2   0  1  2  0  0  0/0    17:59   0:00   3:58 
Matt Duchene             0  2  2   0  0   1  0  0  0  0  16/26  22:58   4:17   3:30 
Matt Niskanen            0  1  1   1  4   0  1  6  0  0  0/0    18:46   4:41   2:53 
Niklas Hjalmarsson       0  1  1   1  0   3  1  0  0  0  0/0    25:37   4:03   5:13 
Patric Hornqvist         1  1  2   0  0   2  1  1  0  0  0/1    19:46   4:17   0:18 
Rick Nash                1  0  1   0  2   2  2  0  0  0  0/0    18:49   4:27   0:00 
Rob Klinkhammer          0  0  0   0  2   2  0  0  0  0  0/0     7:44   0:00   0:00 
Ryan Stanton             0  0  0   0  0   0  5  0  0  0  0/0    16:21   0:00   0:00 
Sami Salo                0  0  0   0  0   0  1  1  0  0  0/0     4:57   0:00   2:33 
T.J. Brodie              0  1  1   0  0   5  1  1  0  0  0/0    22:48   4:03   4:43 
Tyson Strachan           0  0  0   0  0   0  0  0  0  0  0/0     0:00   0:00   0:00 

Players Stats for Capitals

Player Name              G  A  P  +/- PIM S  H  SB GA TA FO     MP     PP MP  PK MP  
------------------------------------------------------------------------------------
Alexander Ovechkin       0  1  1   0  0   5  7  0  0  0  1/2    22:06   5:51   0:09 
Alexander Semin          0  1  1   0  0   4  1  0  0  0  2/3    21:54   5:51   2:43 
Bryce Salvador           0  0  0  -1  0   0  2  3  0  0  0/0    20:02   2:22   4:32 
Cody Eakin               0  0  0   0  0   2  0  0  0  0  0/0    11:34   0:00   0:00 
Corey Potter             0  0  0   0  0   0  1  1  0  0  0/0    12:36   0:00   3:58 
David Desharnais         1  0  1   0  0   6  0  0  0  0  12/30  19:11   5:51   0:00 
Derek Dorsett            0  0  0   0  0   1  0  0  0  0  2/6     2:46   0:00   0:00 
Dmitri Orlov             1  1  2   1  0   5  0  1  0  0  0/0    16:37   3:21   0:14 
Jay Harrison             0  0  0  -2  4   1  4  0  0  0  0/0    22:57   3:57   0:00 
Jiri Tlusty              0  2  2  -1  0   3  5  0  0  0  1/4    20:37   3:49   2:52 
Mathieu Perreault        0  0  0   0  2   3  1  0  0  0  6/10   11:33   0:00   0:00 
Matt Stajan              0  0  0  -1  0   2  3  0  0  0  15/36  23:37   3:49   5:52 
Mike Green               0  1  1   0  0   3  3  1  0  0  0/0    22:08   3:21   3:31 
Nate Guenin              1  0  1   1  0   1  0  0  0  0  0/0    18:15   0:00   5:13 
Ryan McDonagh            0  0  0   0  15  0  0  0  0  0  0/0     1:03   0:00   0:00 
T.J. Galiardi            0  0  0   0  0   1  2  0  0  0  0/1    11:34   0:00   0:00 
Taylor Hall              0  0  0  -1  0   1  0  0  0  0  1/2    26:07   6:19   5:52 
Tomas Fleischmann        0  0  0  -1  0   1  0  0  0  0  1/2     6:35   3:49   0:00 

3 Stars

1 - Henrik Zetterberg (FLA)
2 - Dmitri Orlov (WSH)
3 - Patric Hornqvist (FLA)

Power Play

Panthers - 2 on 4 Attempt(s) - 50.00%
Capitals - 1 on 5 Attempt(s) - 20.00%

Penalty Kill

Panthers - 4 on 5 Attempt(s) - 80.00% - Score 1 goal in Penalty Kill
Capitals - 2 on 4 Attempt(s) - 50.00% - Score 0 goal in Penalty Kill

Team Stat

Panthers - Hits : 17 - Faceoff Wins : 55 - Blocked Shots : 14 - Penalty Minutes : 10
Capitals - Hits : 29 - Faceoff Wins : 41 - Blocked Shots : 6 - Penalty Minutes : 21

Official

Referees : Jon Mclsaac and Dean Morton
Linesman : Don Henderson and Tim Nowak

Game Notes

Ryan McDonagh ejected from game at 2:12 of 1st period
Ryan McDonagh from Capitals is suspended for 1 game(s)

Finance

Level 1 -- Attendance: 2216 (34.09%) -- Ticket Income $554,000
Level 2 -- Attendance: 1434 (28.68%) -- Ticket Income $286,800
Level 3 -- Attendance: 803 (22.94%) -- Ticket Income $140,525
Level 4 -- Attendance: 583 (21.82%) -- Ticket Income $87,450
Luxury Box -- Attendance: 412 (41.20%) -- Ticket Income $164,800
Game was played at the Verizon Center'
Total Attendance: 5448 (29.18%)
Total Ticket Income: $1,233,575
Other Income: $185,036
Total Income: $1,418,611

% Time on Ice - Panthers

Lines # - Real PCT - Wanted PCT - Time Play
Normal Forward
1 - 36% - 40% - 15:11
2 - 35% - 35% - 14:23
3 - 10% - 20% - 4:17
4 - 19% - 5% - 7:45
Normal Defense
1 - 39% - 40% - 16:21
2 - 34% - 30% - 14:02
3 - 21% - 20% - 8:49
4 - 6% - 10% - 2:24
PP Forward
1 - 49% - 60% - 4:17
2 - 51% - 40% - 4:27
PP Defense
1 - 54% - 60% - 4:41
2 - 46% - 40% - 4:03
PK Forward
1 - 64% - 60% - 6:10
2 - 36% - 40% - 3:30
PK Defense
1 - 51% - 60% - 4:57
2 - 49% - 40% - 4:43
PK3 Forward
1 - 0% - 65%
2 - 0% - 35%
PK3 Defense
1 - 0% - 60%
2 - 0% - 40%
44 Forward
1 - 0% - 60%
2 - 0% - 40%
44 Defense
1 - 0% - 60%
2 - 0% - 40%
Last Minute Offensive  - 0:00
Last Minute Defensive  - 0:00
Total
Forward - 60:00
Defense - 60:00

% Time on Ice - Capitals

Lines # - Real PCT - Wanted PCT - Time Play
Normal Forward
1 - 32% - 36% - 13:20
2 - 33% - 33% - 13:56
3 - 28% - 16% - 11:34
4 - 7% - 15% - 2:46
Normal Defense
1 - 37% - 35% - 15:16
2 - 31% - 30% - 13:02
3 - 11% - 25% - 4:40
4 - 21% - 10% - 8:38
PP Forward
1 - 61% - 60% - 5:51
2 - 39% - 40% - 3:49
PP Defense
1 - 65% - 60% - 6:19
2 - 35% - 40% - 3:21
PK Forward
1 - 69% - 60% - 6:01
2 - 31% - 40% - 2:43
PK Defense
1 - 60% - 60% - 5:13
2 - 40% - 40% - 3:31
PK3 Forward
1 - 0% - 60%
2 - 0% - 40%
PK3 Defense
1 - 0% - 60%
2 - 0% - 40%
44 Forward
1 - 0% - 60%
2 - 0% - 40%
44 Defense
1 - 0% - 60%
2 - 0% - 40%
Last Minute Offensive  - 0:00
Last Minute Defensive  - 0:00
Total
Forward - 60:00
Defense - 60:00

Play by Play

1st period


0:01 of 1st period - Matt Duchene wins face-off versus David Desharnais in neutral zone.
0:07 of 1st period - Icing by Ryan McDonagh.
0:08 of 1st period - David Desharnais wins face-off versus Henrik Zetterberg in Capitals zone.
0:13 of 1st period - Marian Hossa is hit by Alexander Ovechkin and loses puck.
0:40 of 1st period - Icing by T.J. Brodie.
0:41 of 1st period - Matt Stajan wins face-off versus Henrik Zetterberg in Panthers zone.
1:36 of 1st period - Clarke MacArthur is hit by Bryce Salvador and loses puck.
1:47 of 1st period - Shot by Cody Eakin.
1:47 of 1st period - Shot Blocked by Patric Hornqvist.
1:49 of 1st period - Shot by Jay Harrison.
1:49 of 1st period - Stopped by Ben Bishop without a rebound.
1:50 of 1st period - Mark Scheifele wins face-off versus Alexander Ovechkin in Panthers zone.
2:09 of 1st period - Shot by Mark Scheifele.
2:09 of 1st period - Shot Misses the Net.
2:11 of 1st period - Shot by Lauri Korpikoski.
2:11 of 1st period - Shot Misses the Net.
2:12 of 1st period - Major / Game Misconduct Penalty to Ryan McDonagh for Attempt to injure.
2:12 of 1st period - Ryan McDonagh is ejected from game.
2:13 of 1st period - Henrik Zetterberg wins face-off versus Matt Stajan in Capitals zone.
2:32 of 1st period - Shot by Henrik Zetterberg.
2:32 of 1st period - Deflect By Rick Nash.
2:32 of 1st period - Stopped by Jimmy Howard without a rebound.
2:33 of 1st period - Matt Duchene wins face-off versus Matt Stajan in Capitals zone.
2:52 of 1st period - Shot by Alexander Semin.
2:52 of 1st period - Shot Misses the Net.
2:56 of 1st period - Shot by Bryce Salvador.
2:56 of 1st period - Shot Hit the Post.
2:58 of 1st period - Shot by Bryce Salvador.
2:58 of 1st period - Shot Misses the Net.
3:47 of 1st period - Icing by Hampus Lindholm.
3:48 of 1st period - Matt Duchene wins face-off versus Jiri Tlusty in Panthers zone.
3:48 of 1st period - Matt Duchene is hit by Alexander Semin.
4:17 of 1st period - Icing by T.J. Brodie.
4:18 of 1st period - Matt Stajan wins face-off versus Henrik Zetterberg in Panthers zone.
4:45 of 1st period - Icing by Niklas Hjalmarsson.
4:46 of 1st period - Henrik Zetterberg wins face-off versus Matt Stajan in Panthers zone.
5:39 of 1st period - Shot by Clarke MacArthur.
5:39 of 1st period - Stopped by Jimmy Howard without a rebound.
5:40 of 1st period - Matt Stajan wins face-off versus Henrik Zetterberg in Capitals zone.
5:59 of 1st period - Shot by T.J. Brodie.
5:59 of 1st period - Stopped by Jimmy Howard without a rebound.
6:00 of 1st period - Matt Stajan wins face-off versus Matt Duchene in Capitals zone.
6:59 of 1st period - Shot by Henrik Zetterberg.
6:59 of 1st period - Shot Misses the Net.
7:05 of 1st period - Shot by T.J. Brodie.
7:05 of 1st period - Shot Blocked by Dmitri Orlov.
7:07 of 1st period - Shot by Niklas Hjalmarsson.
7:07 of 1st period - Stopped by Jimmy Howard without a rebound.
7:08 of 1st period - Henrik Zetterberg wins face-off versus Matt Stajan in Capitals zone.
7:28 of 1st period - Shot by Mark Scheifele.
7:28 of 1st period - Shot Hit the Post.
7:30 of 1st period - Shot by Mark Scheifele.
7:30 of 1st period - Shot Misses the Net.
7:38 of 1st period - T.J. Brodie is hit by T.J. Galiardi and loses puck.
7:53 of 1st period - Shot by Rob Klinkhammer.
7:53 of 1st period - Deflect By Mark Scheifele.
7:53 of 1st period - Shot Misses the Net.
8:00 of 1st period - Minor Penalty to Rick Nash for Holding.
8:01 of 1st period - Henrik Zetterberg wins face-off versus Alexander Semin in Panthers zone.
8:10 of 1st period - Shot by Alexander Semin.
8:10 of 1st period - Shot Blocked by Matt Niskanen.
8:46 of 1st period - Shot by David Desharnais.
8:46 of 1st period - Shot Misses the Net.
9:06 of 1st period - Shot by Jiri Tlusty.
9:06 of 1st period - Stopped by Ben Bishop without a rebound.
9:07 of 1st period - Henrik Zetterberg wins face-off versus Matt Stajan in Panthers zone.
9:13 of 1st period - Icing by Taylor Hall.
9:14 of 1st period - Henrik Zetterberg wins face-off versus Matt Stajan in Capitals zone.
9:21 of 1st period - Shot by Henrik Zetterberg.
9:21 of 1st period - Goal by Henrik Zetterberg - Panthers : 1 - Capitals : 0.
9:22 of 1st period - Henrik Zetterberg wins face-off versus Matt Stajan in neutral zone.
9:22 of 1st period - Matt Niskanen is hit by Jiri Tlusty and loses puck.
9:29 of 1st period - Shot by Mike Green.
9:29 of 1st period - Shot Blocked by Henrik Zetterberg.
9:31 of 1st period - Shot by Jiri Tlusty.
9:31 of 1st period - Shot Misses the Net.
9:33 of 1st period - Shot by Mike Green.
9:33 of 1st period - Stopped by Ben Bishop without a rebound.
9:34 of 1st period - Henrik Zetterberg wins face-off versus David Desharnais in Panthers zone.
9:49 of 1st period - Shot by Alexander Semin.
9:49 of 1st period - Stopped by Ben Bishop without a rebound.
9:50 of 1st period - Matt Duchene wins face-off versus Matt Stajan in Panthers zone.
10:12 of 1st period - Shot by Alexander Semin.
10:12 of 1st period - Shot Misses the Net.
10:14 of 1st period - Shot by Alexander Ovechkin.
10:14 of 1st period - Stopped by Ben Bishop without a rebound.
10:15 of 1st period - Matt Stajan wins face-off versus Henrik Zetterberg in Panthers zone.
10:28 of 1st period - Shot by Jiri Tlusty.
10:28 of 1st period - Shot Blocked by Matt Niskanen.
10:30 of 1st period - Shot by Jiri Tlusty.
10:30 of 1st period - Shot Blocked by Matt Niskanen.
10:32 of 1st period - Shot by Nate Guenin.
10:32 of 1st period - Goal by Nate Guenin - Panthers : 1 - Capitals : 1.
10:33 of 1st period - David Desharnais wins face-off versus Matt Duchene in neutral zone.
11:07 of 1st period - Clarke MacArthur is hit by Mike Green and loses puck.
12:02 of 1st period - Shot by Taylor Hall.
12:02 of 1st period - Shot Blocked by Matt Carle.
12:42 of 1st period - Shot by Rob Klinkhammer.
12:42 of 1st period - Shot Misses the Net.
12:44 of 1st period - Shot by Mark Scheifele.
12:44 of 1st period - Shot Blocked by Bryce Salvador.
12:46 of 1st period - Shot by Mark Scheifele.
12:46 of 1st period - Shot Misses the Net.
12:48 of 1st period - Shot by Hampus Lindholm.
12:48 of 1st period - Stopped by Jimmy Howard without a rebound.
12:49 of 1st period - Mark Scheifele wins face-off versus Derek Dorsett in Capitals zone.
12:53 of 1st period - Icing by Mike Green.
12:54 of 1st period - Derek Dorsett wins face-off versus Mark Scheifele in Capitals zone.
12:54 of 1st period - Derek Dorsett is hit by Clarke MacArthur.
13:14 of 1st period - Mark Scheifele is hit by Mike Green and loses puck.
13:27 of 1st period - Shot by Alexander Ovechkin.
13:27 of 1st period - Shot Misses the Net.
15:01 of 1st period - Icing by Ryan Stanton.
15:02 of 1st period - Henrik Zetterberg wins face-off versus David Desharnais in Panthers zone.
15:06 of 1st period - Niklas Hjalmarsson is hit by Alexander Ovechkin.
15:30 of 1st period - Shot by T.J. Brodie.
15:30 of 1st period - Stopped by Jimmy Howard without a rebound.
15:31 of 1st period - Mark Scheifele wins face-off versus Matt Stajan in Capitals zone.
15:35 of 1st period - Minor Penalty to Rob Klinkhammer for Interference.
15:36 of 1st period - Henrik Zetterberg wins face-off versus Matt Stajan in Panthers zone.
15:36 of 1st period - Henrik Zetterberg is hit by Matt Stajan.
16:34 of 1st period - Shot by Dmitri Orlov.
16:34 of 1st period - Stopped by Ben Bishop without a rebound.
16:35 of 1st period - Henrik Zetterberg wins face-off versus David Desharnais in Panthers zone.
16:52 of 1st period - Shot by Alexander Ovechkin.
16:52 of 1st period - Stopped by Ben Bishop without a rebound.
16:53 of 1st period - David Desharnais wins face-off versus Henrik Zetterberg in Panthers zone.
18:08 of 1st period - Shot by Justin Williams.
18:08 of 1st period - Stopped by Jimmy Howard without a rebound.
18:09 of 1st period - Matt Stajan wins face-off versus Patric Hornqvist in Capitals zone.
18:11 of 1st period - Icing by Taylor Hall.
18:12 of 1st period - Matt Stajan wins face-off versus Henrik Zetterberg in Capitals zone.
18:12 of 1st period - Matt Stajan is hit by Rick Nash.
18:24 of 1st period - Shot by Taylor Hall.
18:24 of 1st period - Stopped by Ben Bishop without a rebound.
18:25 of 1st period - David Desharnais wins face-off versus Matt Duchene in Panthers zone.
18:34 of 1st period - Shot by David Desharnais.
18:34 of 1st period - Shot Misses the Net.
18:42 of 1st period - Shot by Alexander Ovechkin.
18:42 of 1st period - Stopped by Ben Bishop without a rebound.
18:43 of 1st period - Matt Stajan wins face-off versus Henrik Zetterberg in Panthers zone.
18:56 of 1st period - Rick Nash is hit by Jiri Tlusty.
19:44 of 1st period - Icing by T.J. Brodie.
19:45 of 1st period - Matt Duchene wins face-off versus David Desharnais in Panthers zone.
Goals for this period are 1 for Panthers vs 1 for Capitals.
Shots for this period are 8 for Panthers vs 10 for Capitals.

2nd period


0:01 of 2nd period - David Desharnais wins face-off versus Matt Duchene in neutral zone.
0:20 of 2nd period - Shot by David Desharnais.
0:20 of 2nd period - Stopped by Ben Bishop with a rebound.
0:38 of 2nd period - Shot by Matt Duchene.
0:38 of 2nd period - Stopped by Jimmy Howard without a rebound.
0:39 of 2nd period - Matt Stajan wins face-off versus Henrik Zetterberg in Capitals zone.
1:02 of 2nd period - Shot by Taylor Hall.
1:02 of 2nd period - Shot Misses the Net.
1:17 of 2nd period - Shot by Taylor Hall.
1:17 of 2nd period - Shot Blocked by Henrik Zetterberg.
1:35 of 2nd period - Shot by T.J. Galiardi.
1:35 of 2nd period - Stopped by Ben Bishop without a rebound.
1:36 of 2nd period - Matt Duchene wins face-off versus David Desharnais in Panthers zone.
1:36 of 2nd period - Matt Duchene is hit by Alexander Ovechkin.
1:51 of 2nd period - Clarke MacArthur is hit by Jay Harrison and loses puck.
1:54 of 2nd period - Shot by Matt Duchene.
1:54 of 2nd period - Shot Misses the Net.
2:06 of 2nd period - Shot by Mike Green.
2:06 of 2nd period - Stopped by Ben Bishop without a rebound.
2:07 of 2nd period - Mathieu Perreault wins face-off versus Mark Scheifele in Panthers zone.
2:32 of 2nd period - Icing by Bryce Salvador.
2:33 of 2nd period - Mathieu Perreault wins face-off versus Matt Duchene in Capitals zone.
2:49 of 2nd period - Shot by T.J. Galiardi.
2:49 of 2nd period - Shot Misses the Net.
3:20 of 2nd period - Icing by T.J. Brodie.
3:21 of 2nd period - Matt Duchene wins face-off versus David Desharnais in Panthers zone.
3:23 of 2nd period - Icing by Matt Carle.
3:24 of 2nd period - David Desharnais wins face-off versus Clarke MacArthur in Panthers zone.
3:27 of 2nd period - Shot by Alexander Ovechkin.
3:27 of 2nd period - Stopped by Ben Bishop without a rebound.
3:28 of 2nd period - David Desharnais wins face-off versus Henrik Zetterberg in Panthers zone.
3:28 of 2nd period - David Desharnais is hit by Niklas Hjalmarsson.
3:56 of 2nd period - Shot by David Desharnais.
3:56 of 2nd period - Stopped by Ben Bishop without a rebound.
3:57 of 2nd period - Mark Scheifele wins face-off versus Matt Stajan in Panthers zone.
5:27 of 2nd period - Icing by Ryan Stanton.
5:28 of 2nd period - Henrik Zetterberg wins face-off versus Mathieu Perreault in Panthers zone.
5:28 of 2nd period - Henrik Zetterberg is hit by Mathieu Perreault.
6:04 of 2nd period - Icing by Niklas Hjalmarsson.
6:05 of 2nd period - Henrik Zetterberg wins face-off versus Matt Stajan in Panthers zone.
7:14 of 2nd period - T.J. Brodie is hit by Alexander Ovechkin and loses puck.
7:31 of 2nd period - Shot by Alexander Semin.
7:31 of 2nd period - Shot Misses the Net.
7:57 of 2nd period - Corey Potter is hit by Patric Hornqvist and loses puck.
8:07 of 2nd period - T.J. Galiardi is hit by T.J. Brodie and loses puck.
8:46 of 2nd period - Icing by Mike Green.
8:47 of 2nd period - Henrik Zetterberg wins face-off versus Matt Stajan in Capitals zone.
8:54 of 2nd period - Shot by Hampus Lindholm.
8:54 of 2nd period - Stopped by Jimmy Howard without a rebound.
8:55 of 2nd period - Henrik Zetterberg wins face-off versus Derek Dorsett in Capitals zone.
10:15 of 2nd period - Shot by Mark Scheifele.
10:15 of 2nd period - Deflect By Rob Klinkhammer.
10:15 of 2nd period - Shot Misses the Net.
10:17 of 2nd period - Shot by Hampus Lindholm.
10:17 of 2nd period - Shot Misses the Net.
10:21 of 2nd period - Shot by Rob Klinkhammer.
10:21 of 2nd period - Stopped by Jimmy Howard without a rebound.
10:22 of 2nd period - Mark Scheifele wins face-off versus Mathieu Perreault in Capitals zone.
10:40 of 2nd period - Shot by Cody Eakin.
10:40 of 2nd period - Shot Misses the Net.
10:45 of 2nd period - Cody Eakin is hit by Matt Niskanen and loses puck.
11:16 of 2nd period - Shot by Alexander Ovechkin.
11:16 of 2nd period - Shot Misses the Net.
11:18 of 2nd period - Shot by David Desharnais.
11:18 of 2nd period - Shot Blocked by Matt Niskanen.
11:20 of 2nd period - Shot by David Desharnais.
11:20 of 2nd period - Stopped by Ben Bishop without a rebound.
11:21 of 2nd period - Taylor Hall wins face-off versus Henrik Zetterberg in Panthers zone.
11:22 of 2nd period - Shot by Matt Stajan.
11:22 of 2nd period - Stopped by Ben Bishop with a rebound.
11:24 of 2nd period - Shot by Matt Stajan.
11:24 of 2nd period - Shot Misses the Net.
11:26 of 2nd period - Shot by Jiri Tlusty.
11:26 of 2nd period - Stopped by Ben Bishop without a rebound.
11:27 of 2nd period - Henrik Zetterberg wins face-off versus David Desharnais in Panthers zone.
11:27 of 2nd period - Ryan Stanton is hit by Alexander Ovechkin.
11:41 of 2nd period - Icing by Jay Harrison.
11:42 of 2nd period - Matt Duchene wins face-off versus David Desharnais in Capitals zone.
11:42 of 2nd period - Patric Hornqvist is hit by Mike Green and loses puck.
11:58 of 2nd period - Minor Penalty to Jay Harrison for Hooking.
11:59 of 2nd period - Henrik Zetterberg wins face-off versus Matt Stajan in Capitals zone.
12:26 of 2nd period - Shot by T.J. Brodie.
12:26 of 2nd period - Stopped by Jimmy Howard without a rebound.
12:27 of 2nd period - Matt Duchene wins face-off versus Matt Stajan in Capitals zone.
15:10 of 2nd period - Alexander Semin is hit by Ryan Stanton and loses puck.
15:46 of 2nd period - Icing by Bryce Salvador.
15:47 of 2nd period - Mark Scheifele wins face-off versus David Desharnais in Capitals zone.
15:54 of 2nd period - Shot by Mark Scheifele.
15:54 of 2nd period - Shot Blocked by Bryce Salvador.
16:40 of 2nd period - Icing by Matt Carle.
16:41 of 2nd period - Mark Scheifele wins face-off versus Taylor Hall in Panthers zone.
16:41 of 2nd period - Mark Scheifele is hit by Matt Stajan.
17:42 of 2nd period - Shot by Mathieu Perreault.
17:42 of 2nd period - Stopped by Ben Bishop without a rebound.
17:43 of 2nd period - Matt Duchene wins face-off versus Mathieu Perreault in Panthers zone.
18:22 of 2nd period - Shot by Mathieu Perreault.
18:22 of 2nd period - Deflect By Cody Eakin.
18:22 of 2nd period - Shot Misses the Net.
18:24 of 2nd period - Shot by Cody Eakin.
18:24 of 2nd period - Stopped by Ben Bishop without a rebound.
18:25 of 2nd period - Derek Dorsett wins face-off versus Henrik Zetterberg in Panthers zone.
18:32 of 2nd period - Shot by Tomas Fleischmann.
18:32 of 2nd period - Stopped by Ben Bishop without a rebound.
18:33 of 2nd period - David Desharnais wins face-off versus Henrik Zetterberg in Panthers zone.
18:51 of 2nd period - Off-side.
18:52 of 2nd period - Matt Stajan wins face-off versus Matt Duchene in neutral zone.
19:17 of 2nd period - Shot by Jiri Tlusty.
19:17 of 2nd period - Shot Misses the Net.
19:42 of 2nd period - Icing by Patric Hornqvist.
19:43 of 2nd period - Matt Duchene wins face-off versus David Desharnais in Panthers zone.
Goals for this period are 0 for Panthers vs 0 for Capitals.
Shots for this period are 4 for Panthers vs 11 for Capitals.

3rd period


0:01 of 3rd period - Matt Duchene wins face-off versus David Desharnais in neutral zone.
0:27 of 3rd period - Icing by Bryce Salvador.
0:28 of 3rd period - Alexander Ovechkin wins face-off versus Henrik Zetterberg in Capitals zone.
0:50 of 3rd period - Shot by Henrik Zetterberg.
0:50 of 3rd period - Goal by Henrik Zetterberg - Panthers : 2 - Capitals : 1.
0:51 of 3rd period - Mark Scheifele wins face-off versus Matt Stajan in neutral zone.
0:51 of 3rd period - Clarke MacArthur is hit by Matt Stajan and loses puck.
1:01 of 3rd period - Shot by Clarke MacArthur.
1:01 of 3rd period - Stopped by Jimmy Howard without a rebound.
1:02 of 3rd period - Henrik Zetterberg wins face-off versus Jiri Tlusty in Capitals zone.
1:02 of 3rd period - Matt Niskanen is hit by Jay Harrison and loses puck.
1:52 of 3rd period - Hampus Lindholm is hit by Alexander Ovechkin and loses puck.
2:03 of 3rd period - Shot by Alexander Semin.
2:03 of 3rd period - Stopped by Ben Bishop without a rebound.
2:04 of 3rd period - Matt Duchene wins face-off versus T.J. Galiardi in Panthers zone.
2:06 of 3rd period - Patric Hornqvist is hit by T.J. Galiardi and loses puck.
2:11 of 3rd period - Shot by Mathieu Perreault.
2:11 of 3rd period - Stopped by Ben Bishop with a rebound.
2:28 of 3rd period - Shot by Mathieu Perreault.
2:28 of 3rd period - Stopped by Ben Bishop without a rebound.
2:29 of 3rd period - Mark Scheifele wins face-off versus David Desharnais in Panthers zone.
2:50 of 3rd period - Shot by Rob Klinkhammer.
2:50 of 3rd period - Stopped by Jimmy Howard without a rebound.
2:51 of 3rd period - Jiri Tlusty wins face-off versus Matt Duchene in Capitals zone.
2:51 of 3rd period - Jiri Tlusty is hit by Clarke MacArthur.
2:59 of 3rd period - Niklas Hjalmarsson is hit by Jiri Tlusty and loses puck.
3:18 of 3rd period - Mike Green is hit by Ryan Stanton and loses puck.
3:29 of 3rd period - Shot by Patric Hornqvist.
3:29 of 3rd period - Stopped by Jimmy Howard with a rebound.
3:31 of 3rd period - Shot by Clarke MacArthur.
3:31 of 3rd period - Goal by Clarke MacArthur - Panthers : 3 - Capitals : 1.
3:32 of 3rd period - Henrik Zetterberg wins face-off versus David Desharnais in neutral zone.
3:32 of 3rd period - Matt Niskanen is hit by Alexander Ovechkin and loses puck.
3:40 of 3rd period - Double Minor Penalty to Matt Niskanen for High sticking.
3:41 of 3rd period - Henrik Zetterberg wins face-off versus David Desharnais in Panthers zone.
4:34 of 3rd period - Matt Stajan is hit by Marian Hossa and loses puck.
4:45 of 3rd period - Shot by Mike Green.
4:45 of 3rd period - Stopped by Ben Bishop without a rebound.
4:46 of 3rd period - Matt Stajan wins face-off versus Henrik Zetterberg in Panthers zone.
4:47 of 3rd period - Shot by Dmitri Orlov.
4:47 of 3rd period - Stopped by Ben Bishop without a rebound.
4:48 of 3rd period - Henrik Zetterberg wins face-off versus Tomas Fleischmann in Panthers zone.
5:10 of 3rd period - Shot by Mike Green.
5:10 of 3rd period - Shot Misses the Net.
5:12 of 3rd period - Shot by Tomas Fleischmann.
5:12 of 3rd period - Shot Blocked by Matt Carle.
5:14 of 3rd period - Shot by Matt Stajan.
5:14 of 3rd period - Stopped by Ben Bishop without a rebound.
5:15 of 3rd period - David Desharnais wins face-off versus Henrik Zetterberg in Panthers zone.
5:19 of 3rd period - Alexander Ovechkin is hit by Sami Salo and loses puck.
5:28 of 3rd period - Shot by David Desharnais.
5:28 of 3rd period - Deflect By Alexander Semin.
5:28 of 3rd period - Shot Misses the Net.
5:30 of 3rd period - Shot by Alexander Semin.
5:30 of 3rd period - Stopped by Ben Bishop without a rebound.
5:31 of 3rd period - Matt Stajan wins face-off versus Henrik Zetterberg in Panthers zone.
5:34 of 3rd period - Shot by Jiri Tlusty.
5:34 of 3rd period - Stopped by Ben Bishop with a rebound.
5:52 of 3rd period - Niklas Hjalmarsson is hit by Jiri Tlusty and loses puck.
6:28 of 3rd period - Off-side.
6:29 of 3rd period - Henrik Zetterberg wins face-off versus David Desharnais in neutral zone.
6:47 of 3rd period - Shot by David Desharnais.
6:47 of 3rd period - Shot Misses the Net.
6:59 of 3rd period - Shot by Taylor Hall.
6:59 of 3rd period - Shot Blocked by Sami Salo.
7:52 of 3rd period - Shot by Clarke MacArthur.
7:52 of 3rd period - Stopped by Jimmy Howard without a rebound.
7:53 of 3rd period - Mathieu Perreault wins face-off versus Justin Williams in Capitals zone.
8:41 of 3rd period - Off-side.
8:42 of 3rd period - David Desharnais wins face-off versus Henrik Zetterberg in neutral zone.
8:47 of 3rd period - Shot by Alexander Ovechkin.
8:47 of 3rd period - Shot Misses the Net.
9:01 of 3rd period - Shot by David Desharnais.
9:01 of 3rd period - Stopped by Ben Bishop without a rebound.
9:02 of 3rd period - Matt Stajan wins face-off versus Matt Duchene in Panthers zone.
9:03 of 3rd period - Shot by Taylor Hall.
9:03 of 3rd period - Shot Blocked by T.J. Brodie.
9:10 of 3rd period - Patric Hornqvist is hit by Jay Harrison and loses puck.
9:14 of 3rd period - Matt Duchene is hit by Jay Harrison and loses puck.
9:34 of 3rd period - Minor Penalty to Jay Harrison for Hooking.
9:35 of 3rd period - Matt Stajan wins face-off versus Henrik Zetterberg in Capitals zone.
9:35 of 3rd period - Matt Stajan is hit by Henrik Zetterberg.
9:54 of 3rd period - Shot by Rick Nash.
9:54 of 3rd period - Shot Misses the Net.
9:56 of 3rd period - Shot by Henrik Zetterberg.
9:56 of 3rd period - Stopped by Jimmy Howard without a rebound.
9:57 of 3rd period - Matt Duchene wins face-off versus Matt Stajan in Capitals zone.
9:58 of 3rd period - Shot by Niklas Hjalmarsson.
9:58 of 3rd period - Shot Misses the Net.
10:00 of 3rd period - Shot by Niklas Hjalmarsson.
10:00 of 3rd period - Shot Misses the Net.
10:02 of 3rd period - Shot by Clarke MacArthur.
10:02 of 3rd period - Shot Hit the Post.
10:04 of 3rd period - Shot by T.J. Brodie.
10:04 of 3rd period - Stopped by Jimmy Howard with a rebound.
10:06 of 3rd period - Shot by Matt Duchene.
10:06 of 3rd period - Shot Blocked by Corey Potter.
10:08 of 3rd period - Shot by Patric Hornqvist.
10:08 of 3rd period - Goal by Patric Hornqvist - Panthers : 4 - Capitals : 1.
10:09 of 3rd period - Alexander Semin wins face-off versus Henrik Zetterberg in neutral zone.
10:12 of 3rd period - Shot by Alexander Ovechkin.
10:12 of 3rd period - Shot Blocked by Henrik Zetterberg.
10:17 of 3rd period - Alexander Semin is hit by Ryan Stanton.
10:30 of 3rd period - Off-side.
10:31 of 3rd period - Mathieu Perreault wins face-off versus Mark Scheifele in neutral zone.
10:37 of 3rd period - Cody Eakin is hit by Matt Carle and loses puck.
10:46 of 3rd period - Shot by Cody Eakin.
10:46 of 3rd period - Shot Misses the Net.
10:48 of 3rd period - Shot by Dmitri Orlov.
10:48 of 3rd period - Stopped by Ben Bishop without a rebound.
10:48 of 3rd period - Minor Penalty to Matt Carle for Slashing.
10:49 of 3rd period - Alexander Semin wins face-off versus Henrik Zetterberg in Panthers zone.
12:13 of 3rd period - Off-side.
12:14 of 3rd period - Matt Stajan wins face-off versus Henrik Zetterberg in neutral zone.
12:17 of 3rd period - Shot by Dmitri Orlov.
12:17 of 3rd period - Stopped by Ben Bishop without a rebound.
12:18 of 3rd period - Tomas Fleischmann wins face-off versus Henrik Zetterberg in Panthers zone.
12:19 of 3rd period - Shot by Mike Green.
12:19 of 3rd period - Shot Misses the Net.
12:21 of 3rd period - Shot by Jiri Tlusty.
12:21 of 3rd period - Deflect By Matt Stajan.
12:21 of 3rd period - Shot Misses the Net.
12:23 of 3rd period - Shot by Matt Stajan.
12:23 of 3rd period - Shot Misses the Net.
12:25 of 3rd period - Shot by Mike Green.
12:25 of 3rd period - Shot Blocked by Matt Niskanen.
12:27 of 3rd period - Shot by Mike Green.
12:27 of 3rd period - Shot Blocked by Matt Niskanen.
12:29 of 3rd period - Shot by Jiri Tlusty.
12:29 of 3rd period - Shot Misses the Net.
12:31 of 3rd period - Shot by Dmitri Orlov.
12:31 of 3rd period - Goal by Dmitri Orlov - Panthers : 4 - Capitals : 2.
12:32 of 3rd period - Mathieu Perreault wins face-off versus Matt Duchene in neutral zone.
12:59 of 3rd period - Shot by T.J. Galiardi.
12:59 of 3rd period - Deflect By Mathieu Perreault.
12:59 of 3rd period - Shot Misses the Net.
13:14 of 3rd period - Minor Penalty to Mathieu Perreault for Hooking.
13:15 of 3rd period - Henrik Zetterberg wins face-off versus Matt Stajan in Capitals zone.
13:28 of 3rd period - Shot by Hampus Lindholm.
13:28 of 3rd period - Stopped by Jimmy Howard without a rebound.
13:29 of 3rd period - Henrik Zetterberg wins face-off versus Matt Stajan in Capitals zone.
13:29 of 3rd period - Henrik Zetterberg is hit by Corey Potter.
13:55 of 3rd period - Shot by Henrik Zetterberg.
13:55 of 3rd period - Stopped by Jimmy Howard without a rebound.
13:56 of 3rd period - Matt Duchene wins face-off versus Matt Stajan in Capitals zone.
14:16 of 3rd period - Shot by Niklas Hjalmarsson.
14:16 of 3rd period - Shot Misses the Net.
14:18 of 3rd period - Shot by T.J. Brodie.
14:18 of 3rd period - Stopped by Jimmy Howard with a rebound.
14:20 of 3rd period - Shot by T.J. Brodie.
14:20 of 3rd period - Shot Blocked by Mike Green.
14:24 of 3rd period - Shot by Niklas Hjalmarsson.
14:24 of 3rd period - Stopped by Jimmy Howard without a rebound.
14:25 of 3rd period - Henrik Zetterberg wins face-off versus Jiri Tlusty in Capitals zone.
14:26 of 3rd period - Shot by Rick Nash.
14:26 of 3rd period - Goal by Rick Nash - Panthers : 5 - Capitals : 2.
14:27 of 3rd period - Henrik Zetterberg wins face-off versus David Desharnais in neutral zone.
14:32 of 3rd period - Shot by Henrik Zetterberg.
14:32 of 3rd period - Stopped by Jimmy Howard without a rebound.
14:33 of 3rd period - Matt Duchene wins face-off versus David Desharnais in Capitals zone.
14:47 of 3rd period - David Desharnais is hit by Ryan Stanton and loses puck.
14:51 of 3rd period - Alexander Ovechkin is hit by Ryan Stanton and loses puck.
16:03 of 3rd period - Taylor Hall is hit by Rick Nash and loses puck.
16:24 of 3rd period - Shot by Henrik Zetterberg.
16:24 of 3rd period - Stopped by Jimmy Howard with a rebound.
16:33 of 3rd period - Icing by Nate Guenin.
16:34 of 3rd period - Mark Scheifele wins face-off versus Matt Stajan in Capitals zone.
17:13 of 3rd period - Hampus Lindholm is hit by Jiri Tlusty.
17:44 of 3rd period - Shot by Alexander Ovechkin.
17:44 of 3rd period - Shot Misses the Net.
17:46 of 3rd period - Shot by David Desharnais.
17:46 of 3rd period - Stopped by Ben Bishop with a rebound.
17:48 of 3rd period - Shot by Alexander Semin.
17:48 of 3rd period - Stopped by Ben Bishop without a rebound.
17:49 of 3rd period - Henrik Zetterberg wins face-off versus Derek Dorsett in Panthers zone.
18:00 of 3rd period - Shot by Derek Dorsett.
18:00 of 3rd period - Stopped by Ben Bishop without a rebound.
18:01 of 3rd period - David Desharnais wins face-off versus Henrik Zetterberg in Panthers zone.
18:10 of 3rd period - Shot by Alexander Ovechkin.
18:10 of 3rd period - Stopped by Ben Bishop without a rebound.
18:11 of 3rd period - David Desharnais wins face-off versus Matt Duchene in Panthers zone.
18:30 of 3rd period - Shot by David Desharnais.
18:30 of 3rd period - Goal by David Desharnais - Panthers : 5 - Capitals : 3.
18:31 of 3rd period - Henrik Zetterberg wins face-off versus Mathieu Perreault in neutral zone.
19:00 of 3rd period - Shot by Cody Eakin.
19:00 of 3rd period - Stopped by Ben Bishop without a rebound.
19:01 of 3rd period - Mark Scheifele wins face-off versus Derek Dorsett in Panthers zone.
19:13 of 3rd period - Justin Williams is hit by Bryce Salvador and loses puck.
19:22 of 3rd period - Shot by Justin Williams.
19:22 of 3rd period - Shot Blocked by Bryce Salvador.
19:24 of 3rd period - Shot by Niklas Hjalmarsson.
19:24 of 3rd period - Stopped by Jimmy Howard without a rebound.
19:25 of 3rd period - Mathieu Perreault wins face-off versus Marian Hossa in Capitals zone.
19:50 of 3rd period - Shot by Marian Hossa.
19:50 of 3rd period - Shot Hit the Post.
19:52 of 3rd period - Shot by Hampus Lindholm.
19:52 of 3rd period - Shot Misses the Net.
Goals for this period are 4 for Panthers vs 2 for Capitals.
Shots for this period are 17 for Panthers vs 18 for Capitals.


Output by the SimonT Hockey Simulator (STHS) for Stephane Roy -- Original Page W3C XHTML 1.0 Valid
Hockey Simulator - Hockey Simulation - Hockey Manager